 Dungeon Crawl Stone Soup version 0.29-a0-870-g2c972031a6 (webtiles) character file.

Game seed: 863916824301080000

1284 flotson the Trooper (level 8, 0/62 HPs)
             Began as a Demonspawn Delver on July 17, 2022.
             Slain by a yak (12 damage)
             ... on level 5 of the Dungeon.
             The game lasted 00:12:45 (6886 turns).

flotson the Trooper (Demonspawn Delver)             Turns: 6886, Time: 00:12:46

Health: 0/62       AC:  7    Str: 14    XL:     8   Next: 29%
Magic:  8/8        EV: 13    Int: 12    God:
Gold:   385        SH:  0    Dex: 15    Spells: 7/7 levels left

rFire   + . .      SeeInvis .   a - +0 trident
rCold   + . .      Faith    .   (no shield)
rNeg    . . .      Spirit   .   B - +0 steam dragon scales
rPois   .          Reflect  .   (no helmet)
rElec   .          Harm     .   C - scarf {rC+ rF+}
rCorr   .          Rampage  .   (no gloves)
Will    .....                   (no boots)
Stlth   +++.......              (no amulet)
HPRegen 0.20/turn               (no ring)
MPRegen 0.11/turn               (no ring)

@: no status effects
A: sharp scales 2
a: no special abilities


You were on level 5 of the Dungeon.
You visited 1 branch of the dungeon, and saw 6 of its levels.

You collected 385 gold pieces.

Inventory:

Hand Weapons
 a - a +0 trident (weapon)
 b - a +0 sling
Missiles
 i - a curare-tipped dart
 j - 2 javelins (quivered)
 F - 5 stones
Armour
 B - +0 steam dragon scales (worn)
 C - a scarf of resistance (worn)
Jewellery
 E - a ring of fire
Wands
 g - a wand of digging (2)
Scrolls
 c - a scroll of fog
 d - a scroll of brand weapon {unknown}
 h - 2 scrolls of teleportation {unknown}
 k - 6 scrolls of identify {unknown}
 n - a scroll of noise {unknown}
 o - a scroll of poison {unknown}
 p - 2 scrolls of magic mapping
 s - 2 scrolls of enchant armour {unknown}
 u - a scroll of enchant weapon {unknown}
 w - 2 scrolls of amnesia {unknown}
 x - 2 scrolls of immolation {unknown}
 y - a scroll of torment {unknown}
Potions
 e - 2 potions of might {unknown}
 f - 2 potions of haste
 l - a potion of curing
 m - 2 potions of heal wounds {unknown}
 q - 2 potions of berserk rage {unknown}
 r - a potion of degeneration {unknown}
 t - 3 potions of attraction {unknown}
 v - 2 potions of ambrosia {unknown}
 z - a potion of magic {unknown}
 A - a potion of lignification {unknown}
 D - 2 potions of flight {unknown}


   Skills:
 + Level 5.1 Fighting
 + Level 3.5(3.7) Axes
 - Level 1.7(2.9) Polearms
 + Level 3.2 Throwing
 + Level 3.5 Armour
 + Level 4.1 Dodging
 - Level 4.5 Stealth
 + Level 3.8 Evocations


You had 7 spell levels left.
You didn't know any spells.
Your spell library contained the following spells:

 Spells                   Type           Power      Damage    Failure   Level
 Slow                     Hex            0%         N/A       32%         1
 Confusing Touch          Hex            0%         N/A       69%         3
 Vampiric Draining        Necr           0%         2d6       69%         3
 Alistair's Intoxication  Tmut/Pois      0%         N/A       100%        5
 Borgnjor's Vile Clutch   Necr/Erth      0%         N/A       100%        5
 Eringya's Noxious Bog    Tmut/Pois      0%         N/A       100%        6


Dungeon Overview and Level Annotations

Branches:
Dungeon (6/15)
 Temple: D:4-7

Altars:
Dithmenos
Fedhas
Hepliaklqana
Sif Muna

Shops:
D:3 (


Innate Abilities, Weirdness & Mutations

You are mostly covered in razor-sharp scales. (AC +2, Slay +2)


Message History

There is a stone staircase leading down here.
a - a +0 trident (weapon)
You barely miss the yak.
The yak is lightly wounded.
The yak gores you!
You hit the yak.
The yak is moderately wounded.
The yak gores you.
You puncture the yak!
The yak is moderately wounded.
The yak barely misses you. The yak gores you!
You hit the yak.
The yak is heavily wounded.
The yak gores you!
You are too injured to fight recklessly!
You are too injured to fight recklessly!
You are too injured to fight recklessly!
You are too injured to fight recklessly!
You are too injured to fight recklessly!
You are too injured to fight recklessly!
You hit the yak. You punch the yak.
The yak is heavily wounded.
The yak barely misses you.
You hit the yak.
The yak is severely wounded.
The yak closely misses you.
You hit the yak.
The yak is severely wounded.
The yak gores you!
* * * LOW HITPOINT WARNING * * *
You hit the yak.
The yak is almost dead.
The yak gores you.
* * * LOW HITPOINT WARNING * * *
You hit the yak but do no damage.
The yak is almost dead.
The yak gores you.
* * * LOW HITPOINT WARNING * * *
The yak gores you!
You die...

####....######..#...........
###.......#.##...........
#...#####...##...........
#...######..#.......[....
#........................
#...####....#.#..........
#...###..#..#.##.....##..
##.......Y.##....########
#......@..#####..#
#.........# ##.######
########### #......##
#........ #......## #......#
########


You could see a yak.

Vanquished Creatures
  Maggie (D:6)
  Sigmund (D:2)
  A water moccasin (D:6)
  An ogre (D:5)
  2 black bears
  A centaur (D:5)
  A scorpion (D:5)
  2 hounds
  5 iguanas
  3 gnolls
  5 adders
  An ufetubus (D:5)
  2 worms (D:3)
  A dart slug (D:1)
  2 orcs
  6 endoplasms
  2 giant cockroaches
  6 goblins
  2 hobgoblins
  5 jackals
  5 quokkas
  6 ball pythons
  5 bats
  3 frilled lizards
  7 kobolds
  3 rats
79 creatures vanquished.

Notes
Turn   | Place    | Note
-------+----------+-------------------------------------------
     0 | D:5      | flotson the Demonspawn Delver began the quest for the Orb.
     0 | D:5      | Reached XP level 1. HP: 18/18 MP: 1/1
   304 | D:2      | Noticed Sigmund
   712 | D:1      | Gained mutation: You are partially covered in razor-sharp
                  | scales. (AC +1, Slay +1) [demonic ancestry]
   712 | D:1      | Reached XP level 2. HP: 22/24 MP: 2/2
  1205 | D:1      | Reached XP level 3. HP: 23/29 MP: 3/3
  1207 | D:1      | Reached skill level 1 in Evocations
  1643 | D:2      | Reached skill level 1 in Axes
  1757 | D:3      | Found Ylimutao's Weapon Shoppe.
  1794 | D:2      | Found a shadowy altar of Dithmenos.
  1802 | D:2      | Reached skill level 1 in Armour
  2669 | D:3      | Gained mutation: You are mostly covered in razor-sharp
                  | scales. (AC +2, Slay +2) [demonic ancestry]
  2669 | D:3      | Reached XP level 4. HP: 35/35 MP: 4/4
  3484 | D:4      | Reached skill level 1 in Throwing
  3484 | D:4      | Reached XP level 5. HP: 14/42 MP: 5/5
  3759 | D:4      | Found a shadowy altar of Dithmenos.
  3759 | D:4      | Noticed a shadow
  3761 | D:4      | Found a hazy altar of Hepliaklqana.
  4128 | D:2      | Killed Sigmund
  4129 | D:2      | Reached skill level 4 in Fighting
  4129 | D:2      | Reached XP level 6. HP: 45/48 MP: 6/6
  4530 | D:5      | Found a blossoming altar of Fedhas.
  4560 | D:4      | Reached XP level 7. HP: 47/54 MP: 7/7
  6270 | D:6      | Reached XP level 8. HP: 31/61 MP: 8/8
  6421 | D:6      | Found a shimmering blue altar of Sif Muna.
  6445 | D:6      | Noticed Maggie
  6465 | D:6      | Killed Maggie
  6466 | D:6      | Reached skill level 5 in Fighting
  6886 | D:5      | Slain by a yak

Illustrated notes

Levels and vault maps discovered:
D:1:      saegor_arrival_simple_d, layout_rooms, due_unseen_surprise
D:2:      layout_basic, basic_altar, uniq_sigmund
D:3:      layout_rooms, serial_shops, shop
D:4:      layout_loops_ring, riverfiend_overflow_shadow_ancestor
D:5:      layout_rooms, mainiacjoe_overflow_small_starburst, roderic_lattice_a
D:6:      layout_basic, mainiacjoe_overflow_catwalk_spiral, temple_statues,
          minmay_chambers_of_fives, uniq_maggie

Skill      XL: |  1  2  3  4  5  6  7  8 |
---------------+-------------------------+-----
Dodging        | 2 3 4 |  4.1
Evocations     | 1 2 3 |  3.8
Axes           | 1 2 3 |  3.5
Armour         | 1 2 3 |  3.5
Throwing       | 1 2 3 |  3.2
Fighting       | 4 5 |  5.1
Polearms       | |  1.7
Stealth        | |  4.5

Action                   |  1- 3 |  4- 6 |  7- 9 || total
-------------------------+-------+-------+-------++-------
Melee: Spear             |   173 |   103 |   105 ||   381
       Punch             |       |     1 |     2 ||     3
       Trident           |       |       |    31 ||    31
 Fire: Sling             |       |       |     8 ||     8
Throw: Dart              |       |     5 |     7 ||    12
Evoke: Wand              |     1 |       |       ||     1
  Use: Scroll            |     3 |       |       ||     3
       Potion            |       |       |     2 ||     2
 Stab: Sleeping          |     9 |     5 |       ||    14
Armor: Ring mail         |    81 |    34 |    49 ||   164
       Steam dragon scal |       |       |     8 ||     8
Dodge: Dodged            |   120 |    53 |   100 ||   273

Table legend: (Time is in decaauts)
 A = Elapsed time spent in this place.
 B = Non-inter-level travel time spent in this place.
 C = Inter-level travel time spent in this place.
 D = Time resting spent in this place.
 E = Time spent auto-exploring this place.
 F = Levels seen in this place.
 G = Mean time per level.
                   A        B        C        D        E       F      G
               +--------+--------+--------+--------+--------+-----+--------+
         Total |   6893 |   6479 |    414 |    798 |   4510 |   6 | 1148.8 |
       Dungeon |   6893 |   6479 |    414 |    798 |   4510 |   6 | 1148.8 |
               +--------+--------+--------+--------+--------+-----+--------+

Top non-repeatable levels by time:
     D:4: 1652 daAuts
     D:1: 1363 daAuts
     D:5: 1338 daAuts
     D:6: 973 daAuts
     D:2: 913 daAuts
     D:3: 651 daAuts
